 Dungeon Crawl Stone Soup version 0.26.1-2-gb8aa6d0cf2 (webtiles) character file.

Game seed: 14171356651665231363

151 McKennaii the Conjurer (level 5, -5/28 HPs)
             Began as a Deep Elf Conjurer on Feb 17, 2021.
             Killed from afar by Ijyb (9 damage)
             ... with an iceblast
             ... on level 3 of the Dungeon.
             The game lasted 00:02:17 (2980 turns).

McKennaii the Conjurer (Deep Elf Conjurer)          Turns: 2980, Time: 00:02:18

Health: -5/28      AC:  4    Str:  4    XL:     5   Next: 11%
Magic:  1/13       EV: 13    Int: 24    God:
Gold:   76         SH:  0    Dex: 13    Spells: 3/12 levels left

rFire    . . .     SeeInvis .   (no weapon)
rCold    . . .     Faith    .   (no shield)
rNeg     . . .     Spirit   .   a - +0 robe
rPois    .         Reflect  .   l - +1 helmet
rElec    .         Harm     .   (no cloak)
rCorr    .         Rampage  .   (no gloves)
Will     .....                  (no boots)
Stlth    ++........             (no amulet)
HPRegen  0.09/turn              (no ring)
MPRegen  0.13/turn              (no ring)

@: hasted, very quick
A: no striking features
a: no special abilities


You were on level 3 of the Dungeon.
You visited 1 branch of the dungeon, and saw 3 of its levels.

You collected 76 gold pieces.

Inventory:

Armour
 a - a +0 robe (worn)
 l - a +1 helmet (worn)
Wands
 m - a wand of paralysis (7)
Scrolls
 b - 4 scrolls of identify {unknown}
 d - 2 scrolls of enchant weapon {unknown}
 e - a scroll of blinking {unknown}
 f - 2 scrolls of teleportation {unknown}
 h - 2 scrolls of immolation {unknown}
Potions
 g - a potion of flight {unknown}
 i - a potion of brilliance {unknown}
 j - a potion of invisibility {unknown}
 k - a potion of lignification {unknown}


   Skills:
 + Level 2.5 Dodging
 + Level 2.8 Stealth
 * Level 4.3 Spellcasting
 * Level 6.4 Conjurations


You had 3 spell levels left.
You knew the following spells:

 Your Spells              Type           Power        Failure   Level
a - Magic Dart            Conj           100%         1%          1
b - Fulminant Prism       Conj/Hex       10%          26%         4
c - Iskenderun's Mystic   Conj/Tloc      20%          26%         4

Your spell library contained the following spells:

 Spells                   Type           Power        Failure   Level
 Searing Ray              Conj           70%          1%          2
 Conjure Flame            Conj/Fire      20%          8%          3
 Dazzling Flash           Conj/Hex       40%          8%          3
 Mephitic Cloud           Conj/Pois/Air  15%          12%         3
 Blink                    Tloc           N/A          14%         2
 Call Imp                 Summ           5%           14%         2
 Slow                     Hex            5%           14%         2


Dungeon Overview and Level Annotations

Branches:
Dungeon (3/15)

Altars:

Annotations:
D:3 Ijyb


Message History

Ijyb hits you but does no damage.
The magic dart hits Ijyb but does no damage.
Ijyb is heavily wounded.
Ijyb screams, "It's all mine!"
Ijyb closely misses you.
The magic dart hits Ijyb.
Ijyb is heavily wounded.
Ijyb hits you but does no damage.
The magic dart hits Ijyb but does no damage.
Ijyb is heavily wounded.
Ijyb hits you with a +0 dagger.
You are too depleted to draw on your mana recklessly!
You are too depleted to draw on your mana recklessly!
You are too depleted to draw on your mana recklessly!
Ijyb zaps a wand.
The mass of ice explodes!
The iceblast engulfs you!
Ouch! That really hurt!
* * * LOW HITPOINT WARNING * * *
It was a potion of haste.
You feel yourself speed up.
Ijyb zaps a wand.
The mass of ice explodes!
The iceblast engulfs you!
You die...

.# .# .# #######.#
#.g.....# #.####### #.#
.###############.#######
........##.....@.......#
########.##.#####.#####.#
............# #.# .#
#.####..##.## #.# .# ..#
#..##.# #.# .# #.#
#..##.######.# .# #.#
#..##........# .# #.#
...########### ## ...
.....


You could see Ijyb.

Vanquished Creatures
  Robin (D:3)
  6 adders (D:2)
  2 oozes
  2 worms (D:2)
  A leopard gecko (D:1)
  2 giant cockroaches (D:2)
  15 goblins
  11 hobgoblins
  6 jackals (D:2)
  6 bats
  A frilled lizard (D:2)
  8 kobolds
  6 rats
67 creatures vanquished.

Notes
Turn   | Place    | Note
-------+----------+-------------------------------------------
     0 | D:1      | McKennaii the Deep Elf Conjurer began the quest for the
                  | Orb.
     0 | D:1      | Reached XP level 1. HP: 10/10 MP: 6/6
   267 | D:1      | Reached XP level 2. HP: 15/15 MP: 6/8
   418 | D:1      | Reached skill level 5 in Conjurations
   968 | D:2      | Reached XP level 3. HP: 19/19 MP: 5/9
  1375 | D:2      | Reached XP level 4. HP: 23/24 MP: 4/11
  1581 | D:2      | Learned a level 4 spell: Fulminant Prism
  1586 | D:2      | Learned a level 4 spell: Iskenderun's Mystic Blast
  1675 | D:2      | Reached skill level 6 in Conjurations
  2431 | D:3      | Noticed Robin
  2627 | D:2      | Reached XP level 5. HP: 11/28 MP: 7/13
  2837 | D:3      | Killed Robin
  2957 | D:3      | Noticed Ijyb
  2980 | D:3      | Killed from afar by Ijyb

Illustrated notes

Levels and vault maps discovered:
D:1:      wander_arrival_peaceful_grave, layout_rooms, palyth_stone_intersect
D:2:      layout_loops_ring
D:3:      minmay_thinvault, layout_loops_ring, minivault_5,
          minmay_misc_feat_enclosed, nicolae_dithmenos_through_a_glass_darkly,
          uniq_robin, uniq_ijyb

Skill      XL: |  1  2  3  4 |
---------------+-------------+-----
Conjurations   | 5 6 |  6.4
Spellcasting   | 4 |  4.3
Dodging        | |  2.5
Stealth        | |  2.8

Action                   |  1- 3 |  4- 6 || total
-------------------------+-------+-------++-------
Melee: Unarmed           |    10 |       ||    10
 Cast: Magic Dart        |    75 |   105 ||   180
  Use: Potion            |       |     1 ||     1
Armor: Robe              |     3 |    19 ||    22
Dodge: Dodged            |    13 |    40 ||    53
